 Dungeon Crawl Stone Soup version 0.29-a0-355-g7276a9ff7f (webtiles) character file.

Game seed: 5295753991500081305

1799 Morbidden the Cutter (level 8, 0/91 HPs)
             Began as a Demonspawn Brigand on Apr 25, 2022.
             Succumbed to an adder's poison
             ... on level 6 of the Dungeon.
             The game lasted 00:08:33 (7132 turns).

Morbidden the Cutter (Demonspawn Brigand)           Turns: 7132, Time: 00:08:34

Health: 0/91       AC: 20    Str:  8 (11) XL:     8   Next: 83%
Magic:  12/12      EV:  2    Int: 11 (14) God:
Gold:   257        SH:  0    Dex: 20 (22) Spells: 13/13 levels left

rFire   . . .      SeeInvis .   a - +3 dagger
rCold   . . .      Faith    .   (no shield)
rNeg    + . .      Spirit   .   (body armour currently unavailable)
rPois   +          Reflect  .   (helmet currently unavailable)
rElec   .          Harm     .   (cloak currently unavailable)
rCorr   .          Rampage  .   (gloves currently unavailable)
Will    .....      NoTele   +   (boots currently unavailable)
Stlth   +++.......              n - amulet of the acrobat
HPRegen 0.25/turn               w - ring of positive energy
MPRegen 0.13/turn               A - +6 ring of dexterity

@: lethally poisoned (0 -> -1), tree-form, corroded
A: stationary, stasis, torment immunity, boosted hp, (hooves 1), (horns 2),
demonic magic 1, (weakness stinger 1)
a: no special abilities


You were on level 6 of the Dungeon.
You were a tree.
You visited 1 branch of the dungeon, and saw 6 of its levels.
You also visited: Sewer.

You collected 257 gold pieces.

Inventory:

Hand Weapons
 a - a +3 dagger (weapon)
 x - a +1 dagger of draining
Missiles
 d - 2 poisoned darts (quivered)
 e - 3 curare-tipped darts
 y - a throwing net
Armour
 c - a +0 cloak (melded)
 m - a +2 robe of willpower (melded)
Jewellery
 n - an amulet of the acrobat (around neck)
 w - a ring of positive energy (left branch)
 A - a +6 ring of dexterity (right branch)
Scrolls
 h - 3 scrolls of teleportation {unknown}
 i - 7 scrolls of identify
 j - a scroll of immolation {unknown}
 p - a scroll of enchant weapon {unknown}
 q - a scroll of blinking {unknown}
 r - a scroll of enchant armour {unknown}
 t - a scroll of magic mapping
Potions
 b - 2 potions of flight
 f - 2 potions of might
 k - a potion of curing {unknown}
 l - a potion of haste {unknown}
 o - a potion of degeneration
 s - a potion of heal wounds {unknown}
 u - a potion of brilliance {unknown}
 v - a potion of cancellation {unknown}
 z - a potion of magic {unknown}


   Skills:
 * Level 4.6 Fighting
 * Level 5.9(6.2) Short Blades
 * Level 2.7(4.7) Long Blades
 + Level 3.0 Throwing
 * Level 4.2 Dodging
 + Level 5.5 Stealth
 * Level 3.2 Spellcasting


You had 13 spell levels left.
You didn't know any spells.
Your spell library contained the following spells:

 Spells                   Type           Power      Damage    Failure   Level
 Freeze                   Ice            4%         1d3       26%         1
 Frozen Ramparts          Ice            2%         1d2       61%         3
 Hailstorm                Conj/Ice       1%         3d3       95%         4


Dungeon Overview and Level Annotations

Branches:
Dungeon (6/15)              Sewer (visited)
 Temple: D:4-7

Altars:
Ashenzari
Dithmenos
Fedhas
Kikubaaqudgha
Qazlal
Trog
Zin

Shops:
D:1 [

Annotations:
D:4 1 runed translucent door, ang3lsp1der's ghost, amateur MiFi


Innate Abilities, Weirdness & Mutations

You are a tree.
Your roots penetrate the ground, keeping you stationary.
You cannot be teleported.
You are immune to unholy pain and torment.
Your maximum health is greatly increased.
Your equipment is partially melded.
((You have large cloven feet.))
((You have a pair of horns on your head.))
Spells you cast may paralyse adjacent enemies.
((You have a small tail.))


Message History

The adder poisons you!
You hit the jelly.
Your hands burn!
* * * LOW HITPOINT WARNING * * *
You headbutt the jelly, but do no damage.
The jelly is severely wounded.
You feel sick. The jelly hits you.
* * * LOW HITPOINT WARNING * * *
You are splashed with acid.
* * * LOW HITPOINT WARNING * * *
The adder closely misses you.
Okay, then.
As you read the scroll of fear, it crumbles to dust.
You assume a fearsome visage.
The shadow imp looks frightened!
The adder looks frightened!
The jelly looks frightened!
* * * LOW HITPOINT WARNING * * *
You feel sick.
Unknown command.
Unknown command.
Unknown command.
* * * LOW HITPOINT WARNING * * *
You feel sick.
Unknown command.
It was a potion of flight.
You feel very buoyant.
You fly up into the air.
* * * LOW HITPOINT WARNING * * *
You feel sick.
Unknown command.
It was a potion of degeneration.
There was something very wrong with that liquid.
You feel weakened.
You feel dopey.
You feel clumsy.
* * * LOW HITPOINT WARNING * * *
You feel sick.
The jelly jiggles.
Unknown command.
It was a potion of lignification.
You turn into a tree.
Your +0 cloak melds into your body.
Your +2 robe of willpower melds into your body.
You feel less strong-willed.
Your roots penetrate the ground.
You die...

## ... #######.#
#......J#.
#######.......(.
...........((.#
#...♣......#
#..........#
####<......#
#......S#
####.#### ...
.#.# #.# #


You could see a jelly (fleeing) and an adder (fleeing).

Vanquished Creatures
  3 yaks (D:5)
  Pargi (Sewer)
  2 ogres
  2 phantoms
  2 necrophages (D:4)
  A kobold brigand (D:4)
  A scorpion (D:5)
  4 wights (D:4)
  A hound (D:6)
  A jelly (D:5)
  2 orc priests
  3 iguanas
  2 orc wizards (D:5)
  4 gnolls
  7 adders
  2 ufetubi
  A worm (D:2)
  8 orcs
  10 ball pythons
  3 endoplasms
  3 giant cockroaches
  8 goblins
  3 hobgoblins
  2 quokkas
  4 bats
  6 frilled lizards (Sewer)
  13 kobolds
  2 rats
101 creatures vanquished.

Vanquished Creatures (collateral kills)
  A gnoll shaman (D:5)
  3 gnolls (D:5)
4 creatures vanquished.

Grand Total: 105 creatures vanquished

Notes
Turn   | Place    | Note
-------+----------+-------------------------------------------
     0 | D:1      | Morbidden the Demonspawn Brigand began the quest for the
                  | Orb.
     0 | D:1      | Reached XP level 1. HP: 16/16 MP: 1/1
   371 | D:1      | Found Ustulas's Armour Shop.
   531 | D:1      | Discovered your monstrous ancestry.
   531 | D:1      | Gained mutation: You have a pair of small horns on your
                  | head. [demonic ancestry]
   531 | D:1      | Reached XP level 2. HP: 22/22 MP: 2/2
   546 | D:1      | Found a faded altar of an unknown god.
   586 | D:1      | Reached skill level 1 in Dodging
  1243 | D:2      | Reached XP level 3. HP: 27/27 MP: 3/3
  1887 | D:3      | Reached skill level 1 in Spellcasting
  1887 | D:3      | Gained mutation: You have a pair of horns on your head.
                  | [demonic ancestry]
  1887 | D:3      | Reached XP level 4. HP: 30/34 MP: 3/5
  1934 | D:3      | Noticed an ogre
  1958 | D:3      | Killed an ogre
  1959 | D:3      | Reached XP level 5. HP: 14/39 MP: 5/7
  1985 | D:3      | Found a glowing drain.
  2006 | Sewer    | Entered a sewer
  2491 | Sewer    | Noticed Pargi
  2509 | Sewer    | Killed Pargi
  2510 | Sewer    | Gained mutation: You have large cloven feet. [demonic
                  | ancestry]
  2510 | Sewer    | Reached XP level 6. HP: 36/46 MP: 8/8
  3433 | D:4      | Found a shadowy altar of Dithmenos.
  3650 | D:4      | Gained mutation: Spells you cast may paralyse adjacent
                  | enemies. [demonic ancestry]
  3650 | D:4      | Reached XP level 7. HP: 52/52 MP: 10/10
  3671 | D:4      | Found a runed translucent door.
  3673 | D:4      | Noticed ang3lsp1der's ghost (amateur MiFi)
  3706 | D:4      | Reached skill level 5 in Stealth
  3731 | D:4      | Reached skill level 1 in Long Blades
  3732 | D:4      | Found a broken altar of Ashenzari.
  3953 | D:4      | Found a stormy altar of Qazlal.
  3954 | D:4      | Found an ancient bone altar of Kikubaaqudgha.
  6108 | D:5      | Entered Level 5 of the Dungeon
  6224 | D:5      | Noticed a yak
  6224 | D:5      | Noticed a yak
  6224 | D:5      | Noticed a yak
  6250 | D:5      | Killed a yak
  6251 | D:5      | Gained mutation: You have a small tail. [demonic ancestry]
  6251 | D:5      | Reached XP level 8. HP: 40/60 MP: 10/12
  6257 | D:5      | Reached skill level 5 in Short Blades
  6802 | D:5      | Found a blossoming altar of Fedhas.
  6950 | D:5      | Found a bloodstained altar of Trog.
  7128 | D:6      | HP: 3/61 [poisoned by an adder]
  7130 | D:6      | HP: 1/61 [poisoned by an adder]
  7132 | D:6      | Succumbed to an adder's poison

Illustrated notes

Levels and vault maps discovered:
D:1:      dpeg_arrival_boxorama, layout_loops_corners, serial_shops, shop,
          ebering_ecumenical_altar_box
D:2:      layout_basic, basic_altar, hangedman_decor_riveting
D:3:      layout_rooms, portal_sewer_entry_d, ebering_dispersal_statue_hall
D:4:      cheibrodos_thug_alley, layout_layer_cave, grunt_dithmenos_smoke,
          mainiacjoe_overflow_divided_tiny, nicolae_ashenzari_skybound,
          hellmonk_ghost_happy_afterlife, minivault_27, minmay_door_square,
          kennysheep_opposing_triangles
D:5:      layout_loops_ring, bloody_trog, kennysheep_mini_moat, minivault_25,
          chequers_jeans, grunt_decor_resistance, minmay_quadrilaterals
D:6:      layout_loops_cross, general_overflow_altar

Skill      XL: |  1  2  3  4  5  6  7  8 |
---------------+-------------------------+-----
Short Blades   | 2 3 4 5 |  5.9
Dodging        | 1 2 3 4 |  4.2
Stealth        | 4 5 |  5.5
Throwing       | 2 3 |  3.0
Spellcasting   | 1 2 3 |  3.2
Fighting       | 3 4 |  4.6
Long Blades    | 2 |  2.7

Action                   |  1- 3 |  4- 6 |  7- 9 || total
-------------------------+-------+-------+-------++-------
Melee: Dagger            |    66 |   104 |   182 ||   352
       Headbutt          |     7 |    16 |    43 ||    66
       Kick              |       |    15 |    70 ||    85
       Punch             |       |     1 |     2 ||     3
       Tailslap          |       |       |    10 ||    10
Throw: Dart              |    11 |    21 |    22 ||    54
  Use: Scroll            |     2 |       |     4 ||     6
       Potion            |       |       |     3 ||     3
 Stab: Sleeping          |     9 |     1 |     8 ||    18
Armor: Robe              |    23 |    24 |    30 ||    77
Dodge: Dodged            |    24 |    67 |    98 ||   189

Table legend: (Time is in decaauts)
 A = Elapsed time spent in this place.
 B = Non-inter-level travel time spent in this place.
 C = Inter-level travel time spent in this place.
 D = Time resting spent in this place.
 E = Time spent auto-exploring this place.
 F = Levels seen in this place.
 G = Mean time per level.
                   A        B        C        D        E       F      G
               +--------+--------+--------+--------+--------+-----+--------+
         Total |   7110 |   6985 |    125 |   1083 |   4852 |   7 | 1015.7 |
       Dungeon |   6431 |   6306 |    125 |    716 |   4668 |   6 | 1071.8 |
         Sewer |    679 |    679 |      0 |    367 |    184 |   1 |  679.0 |
               +--------+--------+--------+--------+--------+-----+--------+

Top non-repeatable levels by time:
     D:4: 2997 daAuts
     D:1: 1006 daAuts
     D:5: 936 daAuts
     D:2: 809 daAuts
   Sewer: 679 daAuts
     D:3: 628 daAuts
     D:6: 54 daAuts
